 Dungeon Crawl Stone Soup version 0.31-a0-222-gefeffbb62a (webtiles) character file.

Game seed: 11924909060321026929

450 qw the Trooper (level 7, -3/44 HPs)
             Began as a Gargoyle Fighter on July 5, 2023.
             Slain by a gnoll
             ... wielding a +0 spear
             ... led by a gnoll bouda
              (7 damage)
             ... on level 4 of the Dungeon.
             The game lasted 00:01:36 (2820 turns).

qw the Trooper (Gargoyle Fighter)                   Turns: 2820, Time: 00:01:37

Health: -3/44      AC: 13    Str: 22    XL:     7   Next: 4%
Magic:  7/7        EV: 14    Int:  8    God:
Gold:   105        SH:  4    Dex:  9    Spells: 6/6 levels left

rFire   . . .        Y - +0 war axe
rCold   . . .        c - +0 buckler
rNeg    + . .        b - +0 scale mail
rPois   inf          (no helmet)
rElec   +            k - +0 cloak
rCorr   .            (no gloves)
SInv    .            f - +0 pair of boots
Will    .....        (no amulet) Stlth
                     l - +5 ring of evasion
HPRegen 0.27/turn    (no ring)
MPRegen 0.10/turn

%: no passive effects
@: no status effects
A: sickness immunity, AC +4, negative energy resistance 1, electricity
resistance, torment resistance 1, petrification resistance
a: no special abilities


You were on level 4 of the Dungeon.
You visited 1 branch of the dungeon, and saw 4 of its levels.

You collected 105 gold pieces.


Innate Abilities, Weirdness & Mutations

You are immune to sickness and miasma.
Your stone body is resilient. (AC +4)
You are immune to poison.
You resist negative energy. (rN+)
You are resistant to electric shocks. (rElec)
You are resistant to unholy torment.
You are immune to petrification.


   Skills:
 - Level 5.4 Fighting
 + Level 5.3 Axes
 - Level 3.2 Armour
 - Level 1.0 Dodging
 - Level 3.2 Shields


You had 6 spell levels left.
You didn't know any spells.
Your spell library was empty.

Inventory:

Hand Weapons
 m - a +0 whip
 Y - a +0 war axe (weapon)
Armour
 b - a +0 scale mail (worn)
 c - a +0 buckler (worn)
 f - a +0 pair of boots (worn)
 k - a +0 cloak (worn)
 p - a +2 robe of resistance
Jewellery
 l - a +5 ring of evasion (left hand)
Potions
 d - a potion of might
 e - a potion of curing {unknown}
 h - a potion of resistance {unknown}
 i - a potion of brilliance {unknown}
 n - a potion of enlightenment

Dungeon Overview and Level Annotations

Branches:
Dungeon (4/15)
 Temple: D:4-7

Altars:
Ashenzari


Message History

You have reached level 7!
You slash the gnoll!
The gnoll is heavily wounded.
The gnoll hits you from afar with a +0 spear. x2
The gnoll barely misses you.
You closely miss the gnoll.
The gnoll is heavily wounded.
The gnoll is no longer moving quickly.
The gnoll hits you but does no damage. The gnoll misses you.
The gnoll completely misses you. The gnoll misses you.
The gnoll hits you but does no damage.
You slash the gnoll!
You kill the gnoll!
The gnoll closely misses you.
The gnoll hits you from afar with a +0 spear.
You hit the gnoll.
The gnoll is moderately wounded.
The gnoll closely misses you.
The gnoll hits you but does no damage. x2
The gnoll closely misses you.
You closely miss the gnoll.
The gnoll is moderately wounded.
The gnoll hits you but does no damage. The gnoll closely misses you. x2
The gnoll hits you from afar with a +0 spear.
The gnoll completely misses you.
You hit the gnoll.
The gnoll is severely wounded.
Your attacks no longer feel as feeble.
The gnoll is no longer moving quickly.
The gnoll barely misses you. You block the gnoll's attack.
The gnoll closely misses you.
You hit the gnoll.
The gnoll is severely wounded.
The gnoll is no longer moving quickly.
You block the gnoll's attack. The gnoll misses you.
The gnoll barely misses you.
You hit the gnoll.
The gnoll is almost dead.
You block the gnoll's attack.
The gnoll hits you but does no damage. x2
The gnoll hits you with a +0 flail.
You closely miss the gnoll.
The gnoll is almost dead.
The gnoll hits you from afar with a +0 spear!
You die...

###########
#........(#
#.#######.#
#....<# #%#
####### #.# #.#
#.# #@# #g#
......g.g.....#
g.g.....#####.#
........#
g.......#
........#
........#
......!.#


You could see 3 gnolls.

Vanquished Creatures
  Sigmund (D:3)
  A gnoll bouda (D:4)
  Natasha (thrice) (D:2)
  5 gnolls
  7 adders
  A dart slug (D:1)
  5 ball pythons
  7 endoplasms
  A giant cockroach (D:1)
  6 goblins
  2 hobgoblins
  7 jackals
  5 kobolds
  5 quokkas
  10 bats
  7 frilled lizards
  9 rats
82 creatures vanquished.

Notes
Turn   | Place    | Note
-------+----------+-------------------------------------------
     0 | D:1      | qw the Gargoyle Fighter began the quest for the Orb.
     0 | D:1      | Reached XP level 1. HP: 14/14 MP: 1/1
     0 | D:1      | 0 ||| qw: Version: 0.3-a-46-gb1f654a
     0 | D:1      | 0 ||| qw: Game counter: 1039
     0 | D:1      | 0 ||| qw: Melee chars always use a shield: true
     0 | D:1      | 0 ||| qw: God list: Okawaru
     0 | D:1      | 0 ||| qw: Allow faded altars: false
     0 | D:1      | 0 ||| qw: Do Orc after clearing Dungeon:15 true
     0 | D:1      | 0 ||| qw: Do second Lair branch before Depths: true
     0 | D:1      | 0 ||| qw: Lair rune preference: random
     0 | D:1      | 0 ||| qw: Goals: Normal, Zot:1-4, Slime:5, God:TSO, Crypt,
                  | Tomb, Abyss, Pan, Hells, Win
     0 | D:1      | 0 ||| PLANNING D:1-11
   115 | D:1      | 115 ||| Stepping ~*~*~tactically~*~*~ (stealth).
   116 | D:1      | 116 ||| Stepping ~*~*~tactically~*~*~ (stealth).
   126 | D:1      | Reached XP level 2. HP: 11/19 MP: 2/2
   283 | D:1      | Found a faded altar of an unknown god.
   521 | D:1      | Reached skill level 3 in Axes
   536 | D:1      | Reached XP level 3. HP: 6/23 MP: 3/3
   977 | D:1      | 977 ||| UPGRADING to +0 pair of boots.
  1102 | D:2      | Reached XP level 4. HP: 26/28 MP: 4/4
  1166 | D:2      | Noticed Natasha
  1175 | D:2      | Killed Natasha
  1346 | D:2      | 1346 ||| Stepping ~*~*~tactically~*~*~ (stealth).
  1348 | D:2      | 1348 ||| Stepping ~*~*~tactically~*~*~ (hiding).
  1352 | D:2      | Noticed Natasha
  1375 | D:2      | Reached XP level 5. HP: 32/32 MP: 5/5
  1380 | D:2      | 1380 ||| DROPPING +0 club.
  1386 | D:2      | Killed Natasha
  1714 | D:2      | Noticed Natasha
  1724 | D:2      | Killed Natasha
  2015 | D:2      | 2015 ||| UPGRADING to +0 cloak.
  2020 | D:2      | 2020 ||| UPGRADING to +5 ring of evasion.
  2021 | D:2      | 2021 ||| READING 2 scrolls labelled SYSOCR ZUCZE.
  2022 | D:2      | 2022 ||| READING scroll labelled QARYOKKISO.
  2023 | D:2      | 2023 ||| DRINKING 2 ruby potions.
  2024 | D:2      | 2024 ||| DROPPING scroll of immolation.
  2079 | D:3      | 2079 ||| Stepping ~*~*~tactically~*~*~ (stealth).
  2082 | D:3      | 2082 ||| Stepping ~*~*~tactically~*~*~ (stealth).
  2103 | D:3      | 2103 ||| Stepping ~*~*~tactically~*~*~ (stealth).
  2157 | D:3      | 2157 ||| Stepping ~*~*~tactically~*~*~ (stealth).
  2208 | D:3      | Noticed Sigmund
  2209 | D:3      | 2209 ||| Stepping ~*~*~tactically~*~*~ (hiding).
  2211 | D:3      | 2211 ||| Stepping ~*~*~tactically~*~*~ (hiding).
  2229 | D:3      | Killed Sigmund
  2230 | D:3      | Reached XP level 6. HP: 40/40 MP: 6/6
  2278 | D:3      | 2278 ||| Stepping ~*~*~tactically~*~*~ (stealth).
  2279 | D:3      | 2279 ||| Stepping ~*~*~tactically~*~*~ (stealth).
  2281 | D:3      | 2281 ||| Stepping ~*~*~tactically~*~*~ (hiding).
  2382 | D:3      | 2382 ||| Stepping ~*~*~tactically~*~*~ (stealth).
  2566 | D:3      | Found a broken altar of Ashenzari.
  2745 | D:3      | 2745 ||| READING scroll labelled BUFEAJ YGHEFOR.
  2746 | D:3      | 2746 ||| READING scroll labelled REEHEM XESO.
  2747 | D:3      | 2747 ||| READING scroll labelled HYGEIT VEUDGH.
  2748 | D:3      | 2748 ||| DRINKING 2 black potions.
  2785 | D:4      | 2785 ||| Stepping ~*~*~tactically~*~*~ (hiding).
  2787 | D:4      | 2787 ||| Stepping ~*~*~tactically~*~*~ (hiding).
  2790 | D:4      | 2790 ||| Stepping ~*~*~tactically~*~*~ (hiding).
  2796 | D:4      | Reached skill level 1 in Dodging
  2807 | D:4      | HP: 3/40 [gnoll bouda/+0 whip (11)]
  2808 | D:4      | 2808 ||| DRINKING potion of heal wounds.
  2812 | D:4      | Reached XP level 7. HP: 15/44 MP: 7/7
  2812 | D:4      | HP: 11/44 [gnoll/+0 spear[a gnoll bouda] (4)]
  2816 | D:4      | HP: 5/44 [gnoll/+0 spear[a gnoll bouda] (4)]
  2820 | D:4      | Slain by a gnoll

Levels and vault maps discovered:
D:1:      dpeg_arrival_round_c, layout_loops_ring,
          shapermc_ecumenical_altar_mp_urbaneastern, supply_closet_lemuel,
          hangedman_decor_growths, st_stairs_1
D:2:      layout_loops_corners, serial_rivers, chequers_serial_rivers_small_3,
          chequers_serial_rivers_micro_a, chequers_serial_rivers_micro_b,
          chequers_serial_rivers_large_b, uniq_natasha
D:3:      layout_basic, lemuel_round_altar, saegor_snake_ambush, uniq_sigmund
D:4:      layout_basic, chequers_temple_overflow_minitemple,
          minmay_temple_entry_mist, gammafunk_ghost_grave, columned_hall_lemuel,
          moated_statue

Skill      XL: |  1  2  3  4  5  6 |
---------------+-------------------+-----
Axes           | 2 3 4 5 |  5.3
Fighting       | 5 |  5.4
Dodging        | 1 |  1.0
Armour         | |  3.2
Shields        | |  3.2

Action                     |  1- 3 |  4- 6 |  7- 9 || total
---------------------------+-------+-------+-------++-------
  Melee: War axe           |   116 |   178 |     9 ||   303
  Throw: Boomerang         |    30 |    13 |       ||    43
    Use: Scroll            |       |     5 |       ||     5
         Potion            |       |     3 |       ||     3
 Armour: Scale mail        |    69 |    81 |     7 ||   157
  Dodge: Dodged            |    58 |   129 |    14 ||   201
  Block: Buckler           |    32 |    39 |     3 ||    74

Table legend:
 A = Non-vault XP
 B = Vault XP
 C = Vault XP percentage of total XP
 D = Non-vault monster count
 E = Vault monster count
 F = Vault count percentage of total count
                 A         B        C        D         E       F
            +---------+---------+-------+---------+---------+-------
      Total |     364 |     280 |  43.5 |      77 |       5 |   6.1
            +---------+---------+-------+---------+---------+-------
        D:1 |      43 |       1 |   2.3 |      24 |       1 |   4.0
        D:2 |     184 |      33 |  15.2 |      29 |       1 |   3.3
        D:3 |      66 |     246 |  78.8 |      20 |       3 |  13.0
        D:4 |      71 |       0 |   0.0 |       4 |       0 |   0.0
            +---------+---------+-------+---------+---------+-------
